 Seeded DCSS version 0.29.1-2-gbd0b4ee654 (webtiles) character file.

Game seed: 11783567295339809362 (custom seed)

206073 valliere the Unseen (level 17, -7/88 HPs)
             Began as a Spriggan Arcane Marksman on Oct 31, 2022.
             Was the Champion of Fedhas.
             Mangled by a freezing wraith (8 damage)
             ... in an ice cave on Nov 2, 2022.
             The game lasted 02:58:37 (41518 turns).

valliere the Unseen (Spriggan Arcane Marksman)     Turns: 41518, Time: 02:58:38

Health: -7/88      AC: 33    Str: 24    XL:     17   Next: 56%
Magic:  35/35      EV: 26    Int: 13    God:    Fedhas [******]
Gold:   3253       SH:  0    Dex: 25    Spells: 16/31 levels left

rFire   + . .      SeeInvis +   c - +4 shortbow (flame)
rCold   + . .      Faith    +   (shield currently unavailable)
rNeg    + + .      Spirit   .   S - +14 shadow dragon scales "Soub" {rF+ rN+ Dex+2 Stlth++++}
rPois   +          Reflect  .   u - +0 hat "Puteiwk" {rN+ MP+9 Slay+6}
rElec   .          Harm     .   a - +2 cloak {Will+}
rCorr   +          Rampage  .   (gloves unavailable)
Will    +++..                   (boots unavailable)
Stlth   ++++++++..              J - amulet of Pyromania {Faith Fragile rPois rCorr Str+10}
HPRegen 0.24/turn               N - ring "Tiugusuy" {Fly rC+ Str+8 Int-2}
MPRegen 0.24/turn               X - +4 ring of slaying

@: flying, very quick
A: very small, no large weapons, unfitting armour, see invisible, speed 3, horns
1, low MP 1, subdued magic 1
}: 2/15 runes: decaying, serpentine
a: Renounce Religion, Wall of Briars, Grow Ballistomycete, Overgrow, Grow Oklob


You were in an ice cave.
You worshipped Fedhas.
Fedhas was exalted by your worship.
You visited 5 branches of the dungeon, and saw 29 of its levels.
You also visited: Ossuary, Bailey and Ice Cave.

You collected 3559 gold pieces.
You spent 306 gold pieces at shops.

Inventory:

Hand Weapons
 c - a +4 shortbow of flaming (weapon)
 F - a +6 rapier of venom
Armour
 a - a +2 cloak of willpower (worn)
 u - the +0 hat "Puteiwk" (worn) {rN+ MP+9 Slay+6}
   (You acquired it on level 1 of the Snake Pit)

   Slay:      It affects your accuracy & damage with ranged weapons and melee
   (+6).
   rN:        It protects you from negative energy.
   MP:        It affects your magic capacity (+9).
 I - quicksilver dragon scales
 L - a scarf of repulsion
 S - the +14 shadow dragon scales "Soub" (worn) {rF+ rN+ Dex+2 Stlth++++}
   (You acquired it on level 9 of the Dungeon)

   Dex:       It affects your dexterity (+2).
   rF:        It protects you from fire.
   rN:        It protects you from negative energy.
   Stlth:     It makes you much more stealthy.
Jewellery
 i - a ring of wizardry
 r - a +6 ring of strength
 B - a +6 ring of dexterity
 J - the amulet of Pyromania (around neck) {Faith Fragile rPois rCorr Str+10}
   (You acquired it in an ossuary)

   [amulet of faith]

   It allows you to gain divine favour quickly.
   Str:       It affects your strength (+10).
   rPois:     It protects you from poison.
   rCorr:     It protects you from acid and corrosion.
   Fragile:   It will be destroyed if unequipped.
 N - the ring "Tiugusuy" (left hand) {Fly rC+ Str+8 Int-2}
   (You acquired it on level 6 of the Dungeon)

   [ring of flight]

   Str:       It affects your strength (+8).
   Int:       It affects your intelligence (-2).
   rC:        It protects you from cold.
   Fly:       It grants you flight.
 X - a +4 ring of slaying (right hand)
 Z - a +6 ring of strength
Wands
 l - a wand of digging (21)
 o - a wand of polymorph (7)
 H - a wand of flame (23)
 K - a wand of charming (48)
 U - a wand of roots (22)
 Y - a wand of light (61)
Scrolls
 b - 5 scrolls of poison
 d - 5 scrolls of enchant armour
 g - 3 scrolls of enchant weapon
 h - 4 scrolls of amnesia
 p - 2 scrolls of blinking
 t - 6 scrolls of vulnerability
 v - 20 scrolls of teleportation
 x - 6 scrolls of immolation
 C - a scroll of brand weapon
 E - 3 scrolls of magic mapping
 G - 5 scrolls of fear
 O - 3 scrolls of summoning
 T - 3 scrolls of silence
Potions
 e - 15 potions of curing
 f - a potion of resistance
 j - 2 potions of mutation
 k - 9 potions of lignification
 m - 3 potions of degeneration
 n - 5 potions of magic
 q - a potion of ambrosia
 s - 6 potions of haste
 w - 3 potions of heal wounds
 z - a potion of cancellation
 A - 3 potions of might
 D - 4 potions of attraction
 M - 2 potions of invisibility
 P - 5 potions of brilliance
 R - a potion of berserk rage


   Skills:
 + Level 9.3 Fighting
 * Level 14.9 Short Blades
 + Level 12.3 Ranged Weapons
 * Level 10.5 Armour
 + Level 14.3 Dodging
 * Level 17.2 Stealth
 - Level 7.6 Spellcasting
 - Level 8.5 Hexes
 - Level 9.0 Translocations
 + Level 10.3 Invocations


You had 16 spell levels left.
You knew the following spells:

 Your Spells              Type           Power      Damage    Failure   Level
a - Slow                  Hex            80%        N/A       1%          1
b - Portal Projectile     Hex/Tloc       42%        N/A       4%          3
c - Iskenderun's Mystic   Conj/Tloc      12%        2d5       71%         4
d - Cause Fear            Hex            10%        N/A       19%         4
e - Tukima's Dance        Hex            20%        N/A       5%          3

Your spell library contained the following spells:

 Spells                   Type           Power      Damage    Failure   Level
 Gell's Gravitas          Tloc           21%        N/A       4%          3
 Lesser Beckoning         Tloc           21%        N/A       4%          3
 Teleport Other           Tloc           21%        N/A       4%          3
 Dazzling Flash           Conj/Hex       24%        N/A       32%         3
 Inner Flame              Hex/Fire       12%        N/A       32%         3
 Magic Dart               Conj           12%        1d3       54%         1
 Shock                    Conj/Air       12%        1d3       54%         1
 Call Imp                 Summ           3%         N/A       71%         2
 Sublimation of Blood     Necr           3%         N/A       71%         2
 Wereblood                Tmut           3%         N/A       71%         2
 Anguish                  Hex/Necr       6%         N/A       75%         4
 Leda's Liquefaction      Hex/Erth       6%         N/A       75%         4
 Call Canine Familiar     Summ           3%         N/A       90%         3
 Ignite Poison            Fire/Tmut/Pois 3%         N/A       90%         3
 Mephitic Cloud           Conj/Pois/Air  3%         N/A       90%         3
 Stone Arrow              Conj/Erth      6%         3d7       90%         3
 Swiftness                Air            3%         N/A       90%         3
 Summon Forest            Summ/Tloc      6%         N/A       96%         5
 Summon Mana Viper        Hex/Summ       12%        N/A       98%         5
 Airstrike                Air            1%         2d(1-17)  100%        4
 Animate Armour           Summ/Erth      6%         N/A       100%        4
 Summon Lightning Spire   Summ/Air       3%         N/A       100%        4
 Blade Hands              Tmut           1%         N/A       100%        5
 Freezing Cloud           Conj/Ice/Air   1%         6-21      100%        5
 Lee's Rapid Deconstruct  Erth           1%         3d5*      100%        5
 Lightning Bolt           Conj/Air       1%         1d12      100%        5
 Starburst                Conj/Fire      1%         6d3       100%        6
 Statue Form              Tmut/Erth      2%         N/A       100%        6
 Summon Cactus Giant      Summ           1%         N/A       100%        6
 Enfeeble                 Hex            10%        N/A       100%        7
 Summon Hydra             Summ           1%         N/A       100%        7
 Discord                  Hex            10%        N/A       100%        8
 Lehudib's Crystal Spear  Conj/Erth      1%         10d2      100%        8


Dungeon Overview and Level Annotations

Branches:
Dungeon (15/15)            Temple (1/1) D:5            Lair (5/5) D:9
  Swamp (4/4) Lair:2        Snake (4/4) Lair:3        Slime (0/5) Lair:4
    Orc (0/2) D:11         Vaults (0/5) D:14        Ossuary (visited)
 Bailey (visited)           IceCv (1/1)
 Depths: D:15

Altars:
Ashenzari
Cheibriados
Dithmenos
Elyvilon
Fedhas
Hepliaklqana
Kikubaaqudgha
Makhleb
Nemelex Xobeh
Okawaru
Qazlal
Ru
Trog
Vehumet
Wu Jian
Xom
Yredelemnul
Zin
The Shining One
Jiyva

Shops:
D:11 *   Snake:2 (!=   Snake:3 :=:

Annotations:
D:4 Eustachio
D:5 3 runed translucent doors, toasterman's ghost, weakling KoDe
D:8 Erica
Snake:3 3 transporters


Innate Abilities, Weirdness & Mutations

You are very small and have problems with some larger weapons.
You are too small for most types of armour.
You have supernaturally acute eyesight. (SInv)
You cover ground extremely quickly. (Speed+++)
You have a pair of small horns on your head.
Your magical capacity is low. (-10% MP)
Your spells are a little easier to cast, but a little less powerful.


Message History

The caustic shrike simulacrum freezes you!
You resist.
* * * LOW HITPOINT WARNING * * *
You are too injured to fight recklessly!
Unknown command.
Okay, then.
Press: ? - help, v - describe, . - travel
Here: a caustic shrike simulacrum (lightly damaged)
The floor.
You feel much better.
The caustic shrike simulacrum closely misses you.
The caustic shrike simulacrum misses you.
A dire elephant simulacrum comes into view.
Okay, then.
Fire: c) +4 shortbow (flame)
Press: ? - help, Q - select action, (/) - cycle Shift-Dir - straight line, f/p - caustic shrike simulacrum
Aim: a caustic shrike simulacrum (lightly damaged, 74% to hit)
You shoot an arrow.
The arrow hits the caustic shrike simulacrum!
The arrow melts the caustic shrike simulacrum.
The caustic shrike simulacrum is heavily damaged.
The caustic shrike simulacrum completely misses you.
The caustic shrike simulacrum misses you.
Fire: c) +4 shortbow (flame)
Press: ? - help, Q - select action, (/) - cycle Shift-Dir - straight line, f/p - caustic shrike simulacrum
Aim: a caustic shrike simulacrum (heavily damaged, 74% to hit)
You shoot an arrow.
The arrow hits the caustic shrike simulacrum!
The arrow melts the caustic shrike simulacrum.
The caustic shrike simulacrum is almost destroyed.
The caustic shrike simulacrum claws you!
* * * LOW HITPOINT WARNING * * *
The caustic shrike simulacrum freezes you!
You resist.
* * * LOW HITPOINT WARNING * * *
The freezing wraith hits you!
* * * LOW HITPOINT WARNING * * *
The freezing wraith freezes you! You resist.
You die...
Fedhas appreciates your contribution to the ecosystem.

####### ####### ##
#.....## ##..($[# ...
#......###.....[#....
#.......#.......#...
#.∩..∩.............
#.......#......Z#
#......###...ZW$#
#.....## ##..@()#
####### #######


You could see a freezing wraith, a dire elephant simulacrum and a caustic shrike
simulacrum.

Vanquished Creatures
  2 tentacled monstrosities (Swamp:3)
  Donald (Swamp:1)
  A fenstrider witch (Swamp:4)
  Roxanne (Swamp:4)
  12 nagarajas
  Aizul (Snake:1)
  8 eleionomae
  2 dire elephants (Lair:5)
  5 bunyips
  5 salamander tyrants (Snake:4)
  8 vault guards (D:14)
  An ice dragon (D:15)
  Erolcha (D:10)
  20 hydras
  A spriggan air mage (Swamp:4)
  2 boulder beetles
  4 centaur warriors
  2 two-headed ogres
  2 tengu warriors (D:13)
  5 anacondas
  A death knight (D:15)
  4 alligators
  10 naga warriors
  12 death yaks
  A spectral dire elephant (Lair:5)
  A shock serpent (Snake:2)
  Nergalle (D:10)
  7 naga sharpshooters
  4 salamander mystics
  2 spriggan druids
  Lodul (D:12)
  4 goliath frogs
  A spectral anaconda (Lair:5)
  6 swamp dragons
  An obsidian statue (Lair:5)
  4 bog bodies
  5 naga ritualists
  4 necromancers (Lair:5)
  5 mana vipers
  A deep elf pyromancer (D:14)
  3 will-o-the-wisps
  22 salamanders
  3 ugly things
  5 cyclopes
  3 manticores
  22 elephants
  23 black mambas
  Maurice (D:10)
  A black mamba (shapeshifter) (D:11)
  A gargoyle (D:10)
  10 naga magi
  10 guardian serpents
  A torpor snail (Lair:5)
  An unseen horror (D:11)
  A rime drake (Lair:2)
  13 cane toads
  2 freezing wraiths (IceCv)
  12 komodo dragons
  Psyche (D:9)
  3 trolls
  3 meliai (D:14)
  2 bloated husks
  3 tyrant leeches
  7 hornets
  15 slime creatures
  2 polar bears
  A spectral elephant (Lair:5)
  13 blink frogs
  3 shadows
  13 dream sheep
  A vampire (D:14)
  2 wraiths
  7 spriggans
  39 yaks
  2 dire elephant simulacra (IceCv)
  6 wyverns
  5 basilisks
  A steam dragon (D:9)
  2 death yak simulacra (Lair:5)
  9 vampire mosquitoes
  A harpy simulacrum (IceCv)
  36 nagas
  A spectral cane toad (Lair:5)
  13 swamp worms
  15 water moccasins
  3 hydra simulacra (IceCv)
  7 swamp drakes
  An ettin simulacrum (IceCv)
  A black bear (D:5)
  12 orc warriors
  An ice beast (D:7)
  3 alligator simulacra (IceCv)
  An elephant zombie (Lair:5)
  7 ogres
  2 sky beasts
  17 wolves
  11 centaurs
  A phantom (D:6)
  2 kobold brigands (D:9)
  15 bullfrogs
  3 scorpions
  2 cane toad simulacra (Lair:5)
  A wight (Ossuary)
  3 howler monkeys
  3 electric eels
  8 jellies
  6 orc priests
  Jessica (D:3)
  4 iguanas
  6 orc wizards
  Ijyb (D:3)
  9 gnolls
  9 adders
  2 river rats (D:3)
  2 adder zombies (Ossuary)
  3 worms (D:2)
  2 dart slugs
  35 orcs
  2 endoplasms
  2 giant cockroaches
  19 goblins
  10 hobgoblins
  14 kobolds
  4 quokkas
  3 ball pythons
  2 ball python skeletons (Ossuary)
  3 bats
  A frilled lizard (D:2)
  2 hobgoblin skeletons (Ossuary)
  A hobgoblin zombie (Ossuary)
  A kobold zombie (Ossuary)
  An orc skeleton (Ossuary)
  3 rats
751 creatures vanquished.

Vanquished Creatures (collateral kills)
  An orc knight (Bailey)
  An orc warrior (Bailey)
  A gnoll (Bailey)
  2 orcs (Bailey)
  A hobgoblin (Bailey)
  A goblin (Bailey)
  2 ballistomycete spores (Lair:5)
9 creatures vanquished.

Vanquished Creatures (others)
  3 thorn hunters (Swamp:4)
  An eleionoma (Swamp:4)
  A bunyip (Swamp:4)
  A swamp dragon (Swamp:4)
  A tyrant leech (Swamp:4)
  2 vampire mosquitoes (Swamp:4)
  A swamp drake (Swamp:4)
  A centaur (D:14)
  A kobold (D:9)
  3 ballistomycete spores (Lair:5)
  39 bushes (D:14)
  6 foxfires (Swamp:2)
  34 fungi
  38 plants
  30 withered plants (Lair:5)
162 creatures vanquished.

Grand Total: 922 creatures vanquished

Notes
Turn   | Place    | Note
-------+----------+-------------------------------------------
     0 | D:1      | valliere the Spriggan Arcane Marksman began the quest for
                  | the Orb.
     0 | D:1      | Reached XP level 1. HP: 9/9 MP: 3/3
   386 | D:1      | Reached skill level 1 in Fighting
   386 | D:1      | Reached XP level 2. HP: 10/14 MP: 3/5
  1053 | D:2      | Reached skill level 1 in Stealth
  1081 | D:2      | Reached skill level 1 in Translocations
  1081 | D:2      | Reached XP level 3. HP: 18/18 MP: 4/6
  1470 | D:2      | Reached XP level 4. HP: 21/22 MP: 6/8
  1552 | D:2      | Reached skill level 2 in Stealth
  1569 | D:2      | Found an ancient bone altar of Kikubaaqudgha.
  1701 | D:2      | Learned a level 3 spell: Portal Projectile
  2403 | D:3      | Noticed Jessica
  2409 | D:3      | Killed Jessica
  2479 | D:3      | Found a broken altar of Ashenzari.
  2518 | D:3      | Reached XP level 5. HP: 25/25 MP: 9/9
  2556 | D:3      | Found a snail-covered altar of Cheibriados.
  2634 | D:3      | Found a shimmering altar of Xom.
  2653 | D:3      | Found a glowing drain.
  2878 | D:3      | Noticed Ijyb
  3288 | D:3      | Killed Ijyb
  3950 | D:4      | Reached skill level 3 in Stealth
  4245 | D:4      | Noticed Eustachio
  4252 | D:4      | Noticed a lemure
  4288 | D:5      | Entered Level 5 of the Dungeon
  4295 | D:5      | Found a runed translucent gate.
  4295 | D:5      | Found a runed translucent gate.
  4295 | D:5      | Found a runed translucent gate.
  4295 | D:5      | Noticed an ice beast
  4296 | D:5      | Noticed toasterman's ghost (weakling KoDe)
  4316 | D:5      | Noticed a black bear
  4397 | D:5      | Killed a black bear
  4398 | D:5      | Reached XP level 6. HP: 30/30 MP: 5/11
  4468 | D:5      | Identified the +0 robe of Trumpets {rN++ Regen+ Str-5
                  | Dex+2}
  4609 | D:5      | Found a staircase to the Ecumenical Temple.
  4618 | Temple   | Entered the Ecumenical Temple
  4826 | Temple   | Became a worshipper of Fedhas Madash
  5055 | D:5      | Noticed a sky beast
  5059 | D:5      | Noticed an orc warrior
  5566 | D:6      | Noticed a water moccasin
  5650 | D:6      | Reached XP level 7. HP: 35/35 MP: 12/12
  5722 | D:6      | Reached skill level 4 in Stealth
  5763 | D:6      | Identified the +1 leather armour "Urallik" {Fly rF++ Str-3
                  | SInv}
  5798 | D:6      | Reached skill level 5 in Hexes
  6006 | D:6      | Found a sand-covered staircase.
  6011 | Ossuary  | Entered an ossuary
  6244 | Ossuary  | Reached * piety under Fedhas
  6269 | Ossuary  | Noticed a flying skull
  6269 | Ossuary  | Noticed a wraith
  6280 | Ossuary  | Noticed a flying skull
  6282 | Ossuary  | Noticed a flying skull
  6287 | Ossuary  | Noticed a flying skull
  6311 | Ossuary  | Noticed a wraith
  6326 | Ossuary  | Noticed a wraith
  6415 | Ossuary  | Identified 3 scrolls of acquirement
  6432 | Ossuary  | Acquired 376 gold pieces
  6434 | Ossuary  | Acquired a scarf of repulsion
  6444 | Ossuary  | Acquired the amulet of Pyromania {Faith Fragile rPois rCorr
                  | Str+10}
  6738 | D:6      | Learned a level 4 spell: Iskenderun's Mystic Blast
  6786 | D:6      | Reached skill level 5 in Ranged Weapons
  6786 | D:6      | Reached skill level 5 in Dodging
  6786 | D:6      | Reached XP level 8. HP: 39/39 MP: 14/14
  6963 | D:6      | Reached skill level 5 in Stealth
  6998 | D:7      | Noticed a komodo dragon
  7043 | D:7      | Found a sacrificial altar of Ru.
  7046 | D:7      | Found a stormy altar of Qazlal.
  7174 | D:7      | Found a glowing silver altar of Zin.
  7176 | D:7      | Found a basalt altar of Yredelemnul.
  7186 | D:7      | Found a flagged portal.
  7204 | Bailey   | Entered a bailey
  7471 | Bailey   | Reached skill level 5 in Translocations
  7501 | Bailey   | Reached ** piety under Fedhas
  7663 | Bailey   | Noticed an orc knight
  7807 | Bailey   | Killed an orc knight
  7808 | Bailey   | Reached skill level 6 in Stealth
  7808 | Bailey   | Reached skill level 1 in Invocations
  7883 | Bailey   | Reached XP level 9. HP: 44/44 MP: 17/17
  7897 | Bailey   | Learned a level 4 spell: Cause Fear
  7901 | Bailey   | Learned a level 3 spell: Tukima's Dance
  7954 | Bailey   | Reached skill level 5 in Spellcasting
  8026 | Bailey   | Noticed an orc warlord
  8027 | Bailey   | Identified the +2 war axe of the Grey Skies {flame, Drain
                  | rElec Int+3}
  8282 | D:6      | Acquired the ring "Tiugusuy" {Fly rC+ Str+8 Int-2}
  8648 | D:8      | Noticed Erica
  8700 | D:8      | Reached *** piety under Fedhas
  8823 | D:9      | Reached skill level 7 in Stealth
  8901 | D:9      | Acquired the +14 shadow dragon scales "Soub" {rF+ rN+ Dex+2
                  | Stlth++++}
  9127 | D:9      | Noticed Psyche
  9455 | D:9      | Reached skill level 1 in Short Blades
  9620 | D:9      | Noticed a komodo dragon
 10101 | D:9      | Reached XP level 10. HP: 26/49 MP: 19/19
 10367 | D:9      | Reached skill level 1 in Armour
 10403 | D:9      | Reached **** piety under Fedhas
 10948 | D:9      | Found a staircase to the Lair.
 10980 | Lair:1   | Entered Level 1 of the Lair of Beasts
 11097 | D:9      | Killed Psyche
 11337 | D:10     | Entered Level 10 of the Dungeon
 11400 | D:10     | Reached skill level 8 in Stealth
 11503 | D:10     | Noticed a gargoyle
 11614 | D:10     | Killed a gargoyle
 11657 | D:10     | Noticed Nergalle
 12477 | Lair:1   | You are sucked into a shaft and drop 1 floor!
 12542 | Lair:2   | Reached XP level 11. HP: 54/54 MP: 22/22
 13145 | Lair:2   | Reached skill level 9 in Stealth
 13385 | Lair:2   | Reached ***** piety under Fedhas
 13818 | Lair:2   | Found a staircase to the Swamp.
 14130 | Lair:1   | Reached skill level 5 in Short Blades
 14210 | Lair:1   | Reached skill level 5 in Fighting
 14859 | Lair:3   | Noticed an eight-headed hydra
 15187 | Lair:3   | Killed an eight-headed hydra
 15408 | Lair:3   | Found a staircase to the Snake Pit.
 15601 | Lair:3   | Reached skill level 10 in Stealth
 15728 | Lair:3   | Reached XP level 12. HP: 60/60 MP: 24/24
 15783 | Lair:3   | Identified the +9 longbow of the Usurping Scavenger
                  | {vorpal, rC+ Int+4 Dex+6}
 16115 | Lair:3   | Reached skill level 5 in Invocations
 16198 | Lair:4   | Noticed a six-headed hydra
 16203 | Lair:4   | Killed a six-headed hydra
 16743 | Lair:4   | Noticed an eight-headed hydra
 16810 | Lair:4   | Killed an eight-headed hydra
 17282 | Lair:4   | Noticed a seven-headed hydra
 17286 | Lair:4   | Noticed a seven-headed hydra
 17289 | Lair:4   | Killed a seven-headed hydra
 17294 | Lair:4   | Killed a seven-headed hydra
 17295 | Lair:4   | Reached skill level 11 in Stealth
 17307 | Lair:4   | Found a staircase to the Slime Pits.
 17308 | Lair:4   | Found a viscous altar of Jiyva.
 17325 | Lair:4   | Reached ****** piety under Fedhas
 17551 | Lair:4   | Noticed a death yak
 17555 | Lair:4   | Killed a death yak
 17588 | Lair:4   | Reached skill level 5 in Armour
 18003 | Lair:5   | Entered Level 5 of the Lair of Beasts
 18023 | Lair:5   | Reached XP level 13. HP: 65/65 MP: 25/25
 18457 | Lair:5   | Reached skill level 10 in Dodging
 18574 | Lair:4   | Gained mutation: Your spells are a little harder to cast,
                  | but a little more powerful. [potion of mutation]
 18574 | Lair:4   | Gained mutation: You occasionally shout uncontrollably at
                  | your foes. [potion of mutation]
 18574 | Lair:4   | Lost mutation: Your spells are a little harder to cast, but
                  | a little more powerful. [potion of mutation]
 18574 | Lair:4   | Gained mutation: You expend magic power (3 MP) to
                  | strengthen your wands. [potion of mutation]
 18575 | Lair:4   | Lost mutation: You occasionally shout uncontrollably at
                  | your foes. [potion of mutation]
 18575 | Lair:4   | Lost mutation: You expend magic power (3 MP) to strengthen
                  | your wands. [potion of mutation]
 18575 | Lair:4   | Gained mutation: Your muscles are strong. (Str +4, Int/Dex
                  | -1) [potion of mutation]
 18575 | Lair:4   | Gained mutation: You expend magic power (3 MP) to
                  | strengthen your wands. [potion of mutation]
 18576 | Lair:4   | Lost mutation: You expend magic power (3 MP) to strengthen
                  | your wands. [potion of mutation]
 18576 | Lair:4   | Lost mutation: Your muscles are strong. (Str +4, Int/Dex
                  | -1) [potion of mutation]
 18576 | Lair:4   | Gained mutation: You are partially covered in iridescent
                  | scales. (AC +2) [potion of mutation]
 18576 | Lair:4   | Gained mutation: You have hidden genetic defects. [potion
                  | of mutation]
 18576 | Lair:4   | Gained mutation: You have a pair of small horns on your
                  | head. [potion of mutation]
 18576 | Lair:4   | Gained mutation: You have an increased reservoir of magic.
                  | (+10% MP) [potion of mutation]
 18611 | Lair:4   | Lost mutation: You have hidden genetic defects. [potion of
                  | mutation]
 18611 | Lair:4   | Lost mutation: You have an increased reservoir of magic.
                  | (+10% MP) [potion of mutation]
 18611 | Lair:4   | Lost mutation: You are partially covered in iridescent
                  | scales. (AC +2) [potion of mutation]
 18611 | Lair:4   | Gained mutation: Your spells are a little easier to cast,
                  | but a little less powerful. [potion of mutation]
 18611 | Lair:4   | Gained mutation: Your magical capacity is low. (-10% MP)
                  | [potion of mutation]
 19736 | Lair:5   | Reached skill level 12 in Stealth
 20205 | Lair:5   | Noticed a dire elephant
 20205 | Lair:5   | Noticed a dire elephant
 20205 | Lair:5   | Noticed a dire elephant
 20974 | Lair:5   | Reached skill level 10 in Short Blades
 21292 | Lair:5   | Reached XP level 14. HP: 58/70 MP: 23/23
 21315 | Lair:5   | Reached skill level 10 in Ranged Weapons
 22405 | Lair:5   | Reached skill level 13 in Stealth
 22913 | Snake:1  | Entered Level 1 of the Snake Pit
 23228 | Snake:1  | Noticed Aizul
 23601 | Snake:1  | Acquired 647 gold pieces
 23603 | Snake:1  | Acquired the +0 hat "Puteiwk" {rN+ MP+9 Slay+6}
 24376 | Snake:1  | Killed Aizul
 25101 | Snake:2  | Found Dantad's Weapon Shop.
 25103 | Snake:2  | Found Hoecki's Distillery.
 25106 | Snake:2  | Found Timesch's Jewellery Shop.
 25133 | Snake:2  | Bought a potion of invisibility for 136 gold pieces
 25133 | Snake:2  | Bought a potion of heal wounds for 85 gold pieces
 25133 | Snake:2  | Bought a potion of heal wounds for 85 gold pieces
 25214 | Snake:2  | Noticed a nagaraja
 25234 | Snake:2  | Killed a nagaraja
 25778 | Snake:2  | Identified the +1 falchion "Ruuriuca" {elec, rPois Int-3
                  | Dex+5 SInv}
 26131 | Snake:3  | Found a transporter.
 26131 | Snake:3  | Found a transporter.
 26443 | Snake:3  | Found a transporter.
 26445 | Snake:3  | Found a transporter.
 26469 | Snake:3  | Found a transporter.
 26470 | Snake:3  | Found a transporter.
 26761 | Snake:3  | Found Zusask's Jewellery Shop.
 26762 | Snake:3  | Found Qyffias's Book Shoppe.
 26762 | Snake:3  | Found Wachuc's Book Shoppe.
 27532 | Snake:4  | Entered Level 4 of the Snake Pit
 27687 | Snake:4  | Reached XP level 15. HP: 70/76 MP: 24/24
 27950 | Snake:4  | Reached skill level 14 in Stealth
 28373 | Snake:4  | Noticed a nagaraja
 28374 | Snake:4  | Noticed a nagaraja
 28406 | Snake:4  | Killed a nagaraja
 28408 | Snake:4  | Killed a nagaraja
 28419 | Snake:4  | Noticed a nagaraja
 28433 | Snake:4  | Killed a nagaraja
 28580 | Snake:4  | Noticed a nagaraja
 28654 | Snake:4  | Killed a nagaraja
 29110 | Snake:4  | Noticed a nagaraja
 29128 | Snake:4  | Killed a nagaraja
 31063 | Snake:4  | Noticed a nagaraja
 31070 | Snake:4  | Killed a nagaraja
 31122 | Snake:4  | Noticed a nagaraja
 31186 | Snake:4  | Killed a nagaraja
 31399 | Snake:4  | Noticed a nagaraja
 31414 | Snake:4  | Killed a nagaraja
 31539 | Snake:4  | Noticed a nagaraja
 31551 | Snake:4  | Killed a nagaraja
 31662 | Snake:4  | Reached skill level 15 in Stealth
 31714 | Snake:4  | Noticed a nagaraja
 31766 | Snake:4  | HP: 3/77 [poisoned by a nagaraja (poison arrow)]
 32199 | Snake:4  | Killed a nagaraja
 32200 | Snake:4  | Reached XP level 16. HP: 71/82 MP: 25/25
 32528 | Snake:4  | Got a serpentine rune of Zot
 32913 | Swamp:1  | Entered Level 1 of the Swamp
 33063 | Swamp:1  | Noticed Donald
 33070 | Swamp:1  | Killed Donald
 34173 | Swamp:2  | You are sucked into a shaft and drop 1 floor!
 34456 | Swamp:3  | Noticed a tentacled monstrosity
 34509 | Swamp:3  | Killed a tentacled monstrosity
 34790 | Swamp:3  | Noticed a tentacled monstrosity
 34795 | Swamp:3  | Killed a tentacled monstrosity
 34873 | Swamp:4  | Entered Level 4 of the Swamp
 34879 | Swamp:4  | Noticed a thorn hunter
 35091 | Swamp:4  | Killed a thorn hunter
 35320 | Swamp:4  | Killed a thorn hunter
 35440 | Swamp:4  | Killed a thorn hunter
 35911 | Swamp:4  | Noticed Roxanne
 35943 | Swamp:4  | Killed Roxanne
 36220 | Swamp:4  | Reached skill level 16 in Stealth
 36384 | Swamp:4  | Got a decaying rune of Zot
 36794 | Swamp:2  | Reached skill level 10 in Armour
 37004 | Swamp:2  | Reached XP level 17. HP: 87/87 MP: 26/26
 37457 | D:10     | Noticed Erolcha
 37470 | D:10     | Killed Erolcha
 37543 | D:10     | Killed Nergalle
 37571 | D:10     | Noticed Maurice
 37578 | D:10     | Killed Maurice
 37931 | D:11     | Reached skill level 10 in Invocations
 38222 | D:11     | Found a staircase to the Orcish Mines.
 38728 | D:11     | Found Yhaes's Serpentskin Sales.
 39222 | D:12     | Noticed Lodul
 39239 | D:12     | Killed Lodul
 40179 | D:14     | Found a gate to the Vaults.
 40535 | D:14     | Reached skill level 17 in Stealth
 40828 | D:14     | Found a sacrificial altar of Ru.
 41040 | D:15     | Entered Level 15 of the Dungeon
 41268 | D:15     | Found a frozen archway.
 41420 | IceCv    | Entered an ice cave
 41518 | IceCv    | HP: 1/88 [freezing wraith (8)]
 41518 | IceCv    | Mangled by a freezing wraith

Illustrated notes

Levels and vault maps discovered:
D:1:      scummos_arrival_hexagon, layout_basic, minmay_misc_feat_pillars,
          nrook_campfire, grunt_decor_mini_mirrors
D:2:      layout_basic, basic_altar, hex_large, minmay_tromino_v7
D:3:      layout_rooms, xom_teletrap_fun, overflow_temple_1_default,
          mainiacjoe_overflow_tiny_flanked, serial_rivers,
          chequers_serial_rivers_room_b, chequers_serial_rivers_large_a,
          chequers_serial_rivers_micro_b, chequers_serial_rivers_micro_b,
          cheibrodos_sewer_entry_sluice, uniq_ijyb, uniq_jessica
D:4:      layout_basic, nicolae_sif_muna_little_library, serial_shops,
          nicolae_shop_advertising_works [nicolae_subvault_shop_adworks],
          uniq_pikel, uniq_edmund, uniq_eustachio
D:5:      layout_loops_cross, minmay_temple_entry_drinking_statues,
          gammafunk_ghost_split
D:6:      layout_rooms, enter_ossuary_2
D:7:      layout_basic, mainiacjoe_overflow_small_starburst,
          nicolae_overflow_hidden_temple, enter_bailey_3, minmay_lizard_king
D:8:      layout_rooms, kennysheep_vampire_church, grunt_gozag_statues,
          special_room [special_room_kobold], minmay_misc_feat_enclosed,
          nicolae_specific_store, wad_rectangle_vault, uniq_erica, uniq_joseph,
          uniq_maggie
D:9:      layout_roguey, erik_lair_dragon, uniq_psyche
D:10:     layout_cross, uniq_maurice, uniq_nergalle, uniq_erolcha
D:11:     layout_roguey, david_orc_5, grunt_decor_fettered, minivault_14,
          guppyfry_shop_venom
D:12:     layout_loops_cross, uniq_lodul
D:13:     layout_basic
D:14:     layout_loops_ring, erik_vaults_2, minmay_hedge_maze,
          nicolae_ru_path_of_blood
D:15:     grunt_enter_depths_snipers, layout_rooms,
          portal_ice_cave_entry_dragon, chequers_jeans
Temple:   minmay_temple_curvy_loop
Lair:1:   layout_big_grid, enter_volcano_2, serial_bayou_shore_a
Lair:2:   layout_small_grid, minmay_swamp_entry_swarm, lemuel_old_faithful,
          serial_bayou_shore_b
Lair:3:   layout_cave_pods, minmay_snake_entry_six_corridors,
          nicolae_quartered_pool_impasse
Lair:4:   nzn_winding_woodlands_small [nzn_winding_woodlands_5x15_garden,
          nzn_winding_woodlands_center_lodge, nzn_winding_woodlands_5x15_eye],
          layout_gridlike, minmay_slime_entry_pillars, minmay_lair_oklob_bushes
Lair:5:   due_jungle_book, layout_regular_city, bh_autumn_forest_stairs,
          minivault_25, hibernation_bobbens
Swamp:1:  layout_falls_marsh, evilmike_swamp_ruin_house_3, swamp_pool1,
          nicolae_swamp_well_well_well, infiniplex_staircase_pool_2, uniq_donald
Swamp:2:  layout_basic_swamp, serial_swamp_ruin, evilmike_swamp_ruin_house_6,
          evilmike_swamp_ruin_house_4, nicolae_swamp_stair_fork,
          nicolae_swamp_oklob_treasure_island
Swamp:3:  layout_basic_swamp, evilmike_swamp_ruin_house_5
Swamp:4:  swamp_alternative, layout_basic_swamp, swamp_pool2,
          nicolae_swamp_trees_clearing, nicolae_swamp_tree_designs, uniq_roxanne
Snake:1:  layout_layer_cave, uniq_aizul
Snake:2:  layout_basic, minmay_shop_star
Snake:3:  layout_chambers, serial_nicolae_subway, nicolae_sub_station_stone,
          nicolae_sub_station_metal, nicolae_sub_station_crystal,
          minmay_shop_grove
Snake:4:  grunt_snake_rune_spirals, layout_onion, drop_trap,
          serial_bayou_crossing
IceCv:    ice_cave_statue_garden_chambered

Skill      XL: |  1  2  3  4  5  6  7  8  9 10 11 12 13 14 15 16 17 |
---------------+----------------------------------------------------+-----
Fighting       | 1 2 3 4 5 6 7 8 9 |  9.3
Stealth        | 1 2 3 4 6 7 8 10 11 12 13 15 16 17 | 17.2
Dodging        | 3 4 5 6 7 8 9 11 12 13 14 | 14.3
Translocations | 1 2 3 4 5 6 7 9 |  9.0
Spellcasting   | 2 3 4 5 6 7 |  7.6
Hexes          | 4 5 6 7 8 |  8.5
Ranged Weapons | 3 4 5 6 7 8 9 10 11 12 | 12.3
Invocations    | 1 2 3 4 6 7 8 9 10 | 10.3
Short Blades   | 1 4 6 8 10 11 13 14 | 14.9
Armour         | 2 3 5 6 7 8 10 | 10.5

Action                   |  1- 3 |  4- 6 |  7- 9 | 10-12 | 13-15 | 16-18 || total
-------------------------+-------+-------+-------+-------+-------+-------++-------
Melee: Rapier            |       |       |    86 |   546 |  1123 |   734 ||  2489
       Punch             |       |       |       |     6 |    19 |    12 ||    37
       Headbutt          |       |       |       |       |   369 |   226 ||   595
 Fire: Sling             |    84 |   264 |   630 |   228 |    89 |       ||  1295
       Shortbow          |       |       |       |       |   104 |    89 ||   193
 Cast: Slow              |    16 |    42 |    68 |    17 |     6 |       ||   149
       Portal Projectile |       |     8 |     3 |     4 |     3 |       ||    18
Invok: Wall of Briars    |       |       |     3 |     1 |     1 |       ||     5
       Grow Ballistomyce |       |       |       |       |     2 |       ||     2
Evoke: Wand              |       |       |     6 |       |       |       ||     6
  Use: Scroll            |       |       |    13 |     9 |    18 |     8 ||    48
       Potion            |       |       |       |       |     6 |     1 ||     7
 Stab: Sleeping          |       |       |     3 |    28 |    33 |    45 ||   109
       Distracted        |       |       |       |     2 |     6 |     9 ||    17
Armor: Robe              |     2 |     6 |    10 |       |       |       ||    18
       Shadow dragon sca |       |       |    24 |   279 |   364 |   173 ||   840
Dodge: Dodged            |    18 |    90 |   317 |   611 |   858 |   506 ||  2400
       Repelled          |       |       |     2 |     5 |    40 |    10 ||    57
